 Dungeon Crawl Stone Soup version 0.17-a0-2069-g0f4ee5b (webtiles) character file.

15511 Gruud the Martial Artist (level 12, -4/76 HPs)
             Began as a Demonspawn Transmuter on Oct 13, 2015.
             Slain by a komodo dragon (24 damage)
             ... on level 3 of the Lair of Beasts.
             The game lasted 00:48:43 (9691 turns).

Gruud the Martial Artist (Demonspawn Transmuter)    Turns: 9691, Time: 00:48:43

Health: -4/76      AC:  9    Str: 11    XL:     12   Next: 1%
Magic:  11/15      EV: 16    Int: 17    God:
Gold:   520        SH:  0    Dex: 18    Spells: 4 memorised, 1 level left

rFire  + . .     SeeInvis .       - Unarmed
rCold  + . .     Clarity  .     Q - troll hide
rNeg   . . .     SustAt   .     (shield currently unavailable)
rPois  +         Gourm    .     (helmet restricted)
rElec  .         Spirit   .     E - +2 cloak
rCorr  .         Warding  .     (gloves currently unavailable)
rMut   .         Stasis   .     (no boots)
MR     ++...                    (no amulet)
Stlth  ++........               j - ring of protection from magic
                                J - ring of protection from cold

@: blade hands, very resistant to hostile enchantments, unstealthy
A: antennae 2, talons 1, iridescent scales 1, blink, clever 1, fire resistance
1, magic resistance 1, mutation resistance 1, poison resistance, powered by
death 3, spiny 1, spit poison 1, no device heal 1
a: Spit Poison, End Transformation, Blink


You were on level 3 of the Lair of Beasts.
You were not hungry.
You had blades for hands.
You visited 2 branches of the dungeon, and saw 12 of its levels.

You collected 520 gold pieces.

Inventory:

Hand Weapons
 b - the +1 blowgun "Kimag" {evade, rElec Int+4 SInv}
   (You found it on level 2 of the Lair of Beasts)

   It affects your evasion (+5 to EV).
   It affects your intelligence (+4).
   It insulates you from electricity.
   It lets you see invisible.
 I - a +1 blowgun
Missiles
 a - 138 arrows
 o - 43 poisoned needles
 r - 5 poisoned arrows
 z - 34 arrows of flame
Armour
 t - a +2 pair of gloves (melded)
 E - a +2 cloak (worn)
 Q - a troll hide (worn)
 R - a +0 robe
Magical Staves
 B - an uncursed staff of energy
Jewellery
 j - a ring of protection from magic (right scythe-like blade)
 q - an uncursed ring of see invisible
 w - an uncursed ring of magical power
 y - a +2 ring of evasion
 J - a ring of protection from cold (left scythe-like blade)
Wands
 f - a wand of digging (20)
 g - a wand of digging (6)
 v - a wand of draining (0)
 D - a wand of fire (5)
 K - a wand of paralysis (16)
 L - a wand of lightning (11)
 M - a wand of hasting (3)
 N - a wand of random effects (28)
Scrolls
 e - 3 scrolls of amnesia
 h - a scroll of immolation
 i - 2 scrolls of teleportation
 n - 2 scrolls of remove curse
 s - 2 scrolls of fog
 u - 4 scrolls of recharging
 C - a scroll of fear
 F - a scroll of brand weapon {unknown}
 V - a scroll of silence {unknown}
Potions
 k - a potion of invisibility
 l - a potion of flight
 x - a potion of heal wounds
 G - 2 potions of brilliance
 O - a potion of ambrosia
 P - a potion of berserk rage {unknown}
 S - a potion of might {unknown}
 W - a potion of curing
Books
 c - a book of Changes

   Spells                             Type                      Level
   a - Beastly Appendage              Transmutation                1
   b - Sticks to Snakes               Transmutation                2
   c - Spider Form                    Transmutation/Poison         3
   d - Ice Form                       Ice/Transmutation            4
   e - Blade Hands                    Transmutation                5
Comestibles
 d - 8 bread rations
 m - 9 fruits
 p - 3 meat rations
 A - 2 beef jerkies
 H - 8 slices of pizza
 T - a royal jelly
 U - 5 chunks of flesh


   Skills:
 - Level 1.0 Fighting
 * Level 6.4 Dodging
 * Level 12.8 Unarmed Combat
 - Level 2.0 Spellcasting
 - Level 11.2 Transmutations


You had one spell level left.
You knew the following spells:

 Your Spells              Type           Power        Failure   Level  Hunger
a - Blade Hands           Trmt           #####.....   45%         5    ######.
b - Sticks to Snakes      Trmt           #####.....   12%         2    ###....
c - Spider Form           Trmt/Pois      ###.......   45%         3    ###....
d - Ice Form              Ice/Trmt       ###.....     71%         4    #####..


Dungeon Overview and Level Annotations

Branches:
Dungeon (9/15)             Temple (0/1) D:7            Lair (3/8) D:9
  Swamp: Lair:3-6    Shoals: Lair:3-6     Snake: Lair:3-6    Spider: Lair:3-6
    Orc: D:9-12

Altars:
Ashenzari
Dithmenos
Elyvilon
Fedhas
Gozag
Makhleb
Okawaru
Sif Muna
Xom

Shops:
D:9 %

Annotations:
D:5 Uberwunderbarhen's ghost, amateur DDFi


Innate Abilities, Weirdness & Mutations

You have a pair of antennae on your head.
You are partially covered in iridescent scales (AC +4).
Your flesh is heat resistant.
You regenerate a lot of health from kills.
You are partially covered in sharp spines.
You have sharp toenails.
You can translocate small distances at will.
Your mind is acute. (Int +2)
You are resistant to hostile enchantments.
You are somewhat resistant to further mutation.
Your system is resistant to poisons.
You can spit weak poison.
Potions and wands are less effective at restoring your health.


Message History

You hit the komodo dragon but do no damage.
Your kick misses the komodo dragon. The komodo dragon bites you!
You hit the komodo dragon. Your kick misses the komodo dragon.
The komodo dragon is lightly wounded.
The komodo dragon is struck by your spines.
The komodo dragon bites you!
* * * LOW HITPOINT WARNING * * *
You hit the komodo dragon.
The komodo dragon is lightly wounded.
The komodo dragon misses you.
You slash the komodo dragon!
The komodo dragon is heavily wounded.
You slice the komodo dragon!!
The komodo dragon is almost dead.
The komodo dragon barely misses you.
You hit the komodo dragon but do no damage.
You claw the komodo dragon, but do no damage.
The komodo dragon is almost dead.
The komodo dragon bites you!!
You die...

....... ...
..... ... ....
..... ...#
..... ... ...#
...$. ... .....
#..##$##.....
####..l#......
.#.....@......#
#.......P#....#
........## ..#
.+.....<.# .
#......##
..%.##### %...
%.%


P% You could see a komodo dragon.

Vanquished Creatures
  A hydra (Lair:1)
  A death yak (D:9)
  Pikel (D:7)
  Maurice (D:9)
  A black mamba (Lair:1)
  4 spiny frogs
  3 komodo dragons
  2 trolls (D:9)
  5 blink frogs (Lair:2)
  Prince Ribbit (D:9)
  A human (D:8)
  A hippogriff (D:7)
  2 deep elf magi (D:9)
  5 yaks
  11 wolves
  5 porcupines
  2 water moccasins
  The ghost of BlindIo the Covert, an amateur SpAs (D:4)
  3 sky beasts
  An ice beast (D:6)
  5 orc warriors
  2 black bears
  2 phantoms
  A necrophage (D:9)
  5 ogres
  4 centaurs
  4 giant frogs
  16 big kobolds (D:9)
  4 crocodiles
  2 wyvern zombies (D:8)
  8 scorpions
  6 wights
  An electric eel (Lair:2)
  A killer bee (D:9)
  A centaur zombie (D:5)
  7 crimson imps
  A gnoll shaman (D:6)
  5 hounds
  7 iguanas
  2 jellies
  9 orc wizards
  2 orc priests
  A quasit (D:8)
  A giant frog skeleton (D:6)
  Natasha (thrice) (D:4)
  13 sheep
  3 worker ants (D:4)
  A hound skeleton (D:9)
  2 worker ant zombies
  3 gnolls (D:6)
  18 adders
  3 shadow imps
  3 oozes
  An adder skeleton (D:9)
  3 worms (D:3)
  21 orcs
  A ball python (D:1)
  11 goblins
  6 hobgoblins
  9 jackals
  21 kobolds
  6 quokkas
  14 bats
  5 giant cockroaches
  5 giant geckos
  A giant gecko skeleton (D:5)
  5 giant newts
  2 quokka skeletons (D:5)
  13 rats
  2 fungi (D:4)
324 creatures vanquished.

Vanquished Creatures (collateral kills)
  An adder (D:2)
  A worm (D:2)
  A goblin (D:2)
  A kobold (D:2)
4 creatures vanquished.

Vanquished Creatures (others)
  A jackal (D:7)
  4 fungi
  3 plants (Lair:2)
8 creatures vanquished.

Grand Total: 336 creatures vanquished

Notes
Turn   | Place    | Note
--------------------------------------------------------------
     0 | D:1      | Gruud the Demonspawn Transmuter began the quest for the Orb.
     0 | D:1      | Reached XP level 1. HP: 15/15 MP: 3/3
   462 | D:1      | Reached skill level 3 in Unarmed Combat
   513 | D:1      | Gained mutation: You regenerate a little health from kills. [demonic ancestry]
   513 | D:1      | Reached XP level 2. HP: 19/21 MP: 3/5
   519 | D:1      | Learned a level 2 spell: Sticks to Snakes
  1032 | D:1      | Reached XP level 3. HP: 23/26 MP: 4/6
  1623 | D:2      | Gained mutation: You regenerate health from kills. [demonic ancestry]
  1623 | D:2      | Reached XP level 4. HP: 32/32 MP: 4/7
  1631 | D:2      | Learned a level 3 spell: Spider Form
  2011 | D:3      | Reached skill level 4 in Unarmed Combat
  2395 | D:3      | Gained mutation: You are partially covered in sharp spines. [demonic ancestry]
  2395 | D:3      | Reached XP level 5. HP: 30/37 MP: 8/8
  2444 | D:3      | Found a shadowy altar of Dithmenos.
  2484 | D:3      | Gained mutation: You have sharp toenails. [potion of mutation]
  2484 | D:3      | Gained mutation: Potions and wands are less effective at restoring your health. [potion of mutation]
  3025 | D:4      | Noticed BlindIo's ghost (amateur SpAs)
  3036 | D:4      | Killed BlindIo's ghost
  3036 | D:4      | Reached skill level 5 in Unarmed Combat
  3036 | D:4      | Gained mutation: You have a pair of small antennae on your head. [demonic ancestry]
  3036 | D:4      | Reached XP level 6. HP: 37/43 MP: 2/9
  3124 | D:4      | Noticed Natasha
  3128 | D:4      | Killed Natasha
  3156 | D:4      | Noticed Natasha
  3169 | D:4      | Killed Natasha
  3218 | D:4      | Noticed a phantom
  3249 | D:4      | Killed a phantom
  3249 | D:4      | Gained mutation: You have a pair of antennae on your head. [demonic ancestry]
  3249 | D:4      | Reached XP level 7. HP: 41/48 MP: 10/10
  3278 | D:4      | Found a deep blue altar of Sif Muna.
  3338 | D:4      | Reached skill level 5 in Transmutations
  3356 | D:4      | Reached skill level 6 in Unarmed Combat
  3485 | D:4      | Noticed Natasha
  3487 | D:4      | Killed Natasha
  3803 | D:5      | Entered Level 5 of the Dungeon
  4037 | D:5      | Gained mutation: You regenerate a lot of health from kills. [demonic ancestry]
  4037 | D:5      | Reached XP level 8. HP: 43/54 MP: 11/11
  4140 | D:5      | Reached skill level 7 in Unarmed Combat
  4167 | D:5      | Noticed Uberwunderbarhen's ghost (amateur DDFi)
  4432 | D:6      | Learned a level 5 spell: Blade Hands
  4453 | D:6      | Gained mutation: You can spit weak poison. [mutagenic meat]
  4454 | D:6      | Gained mutation: Your mind is acute. (Int +2) [mutagenic meat]
  4455 | D:6      | Gained mutation: Your system is resistant to poisons. [mutagenic meat]
  4457 | D:6      | Gained mutation: You tend to lose your temper in combat. [mutagenic meat]
  4458 | D:6      | Gained mutation: You are resistant to hostile enchantments. [mutagenic meat]
  4651 | D:6      | Gained mutation: You can translocate small distances at will. [mutagenic meat]
  4707 | D:6      | Reached skill level 8 in Unarmed Combat
  4758 | D:6      | Reached XP level 9. HP: 59/59 MP: 8/12
  5265 | D:7      | Noticed Pikel
  5287 | D:7      | Killed Pikel
  5287 | D:7      | Reached skill level 9 in Unarmed Combat
  5305 | D:7      | Found a staircase to the Ecumenical Temple.
  5339 | D:7      | Found an opulent altar of Gozag.
  5385 | D:7      | Found a blossoming altar of Fedhas.
  5567 | D:7      | Found a shattered altar of Ashenzari.
  6245 | D:8      | Gained mutation: Your flesh is heat resistant. [demonic ancestry]
  6245 | D:8      | Reached XP level 10. HP: 60/65 MP: 13/13
  6393 | D:8      | Found a shimmering altar of Xom.
  6394 | D:8      | Reached skill level 10 in Unarmed Combat
  6423 | D:8      | Found a white marble altar of Elyvilon.
  6714 | D:9      | Noticed Prince Ribbit
  6726 | D:9      | Killed Prince Ribbit
  6834 | D:9      | Reached skill level 10 in Transmutations
  6857 | D:9      | Found Isannac's Food Boutique.
  7067 | D:9      | Found a staircase to the Lair.
  7068 | D:9      | Noticed a death yak
  7094 | D:9      | Killed a death yak
  7205 | D:9      | Reached skill level 11 in Unarmed Combat
  7265 | D:9      | Found a burning altar of Makhleb.
  7305 | D:9      | Gained mutation: You are partially covered in iridescent scales (AC +4). [demonic ancestry]
  7305 | D:9      | Reached XP level 11. HP: 70/70 MP: 11/14
  7417 | D:9      | Noticed Maurice
  7431 | D:9      | Killed Maurice
  7545 | D:9      | Found an iron altar of Okawaru.
  7767 | Lair:1   | Entered Level 1 of the Lair of Beasts
  7816 | Lair:1   | Learned a level 4 spell: Ice Form
  8236 | Lair:1   | Noticed a six-headed hydra
  8267 | Lair:1   | Killed a six-headed hydra
  8267 | Lair:1   | Reached skill level 12 in Unarmed Combat
  8703 | Lair:2   | Gained mutation: You are somewhat resistant to further mutation. [potion of mutation]
  8703 | Lair:2   | Lost mutation: You tend to lose your temper in combat. [potion of mutation]
  8760 | Lair:2   | Reached skill level 5 in Dodging
  8925 | Lair:2   | Got a crude blowgun
  8926 | Lair:2   | Identified the cursed +1 blowgun "Kimag" {evade, rElec Int+4 SInv} (You found it on level 2 of the Lair of Beasts)
  9574 | Lair:2   | Reached XP level 12. HP: 61/76 MP: 9/15
  9691 | Lair:3   | Slain by a komodo dragon

Vault maps used:
D:1:      scummos_arrival_simple_fountains
D:2:      hangedman_glass_teeth, grunt_ministairs_3, serial_bayou_crossing
D:3:      lemuel_crystal_altar, first_bread
D:4:      old_forge, led_sif_book, minmay_bad_closet, uniq_natasha
D:6:      hangedman_minor_gate_pass
D:7:      evilmike_ruin_ashenzari, lemuel_round_altar, lemuel_round_altar,
          temple_statues, uniq_pikel
D:8:      kennysheep_mini, xom_teletrap_fun, grunt_livestock,
          minmay_misc_feat_encased
D:9:      lemuel_coloured_pillars_altar, lightli_temple_of_fire,
          dpeg_lair_monsters, serial_shops, nicolae_shop_waterfront,
          special_room, hangedman_decor_peaks_small, uniq_prince_ribbit1,
          uniq_maurice
Lair:1:   grunt_megastairs_1
Lair:2:   serial_bayou_shore_a
Lair:3:   grunt_megastairs_3, lemuel_fruit_tree, uniq_snorg, uniq_fannar

Action                   |  1- 3 |  4- 6 |  7- 9 | 10-12 || total
-------------------------+-------+-------+-------+-------++-------
Melee: Unarmed           |   153 |   179 |   381 |   386 ||  1099
 Fire: Blowgun           |       |       |       |    13 ||    13
 Cast: Beastly Appendage |    20 |    15 |       |       ||    35
       Sticks to Snakes  |     5 |     2 |       |       ||     7
       Spider Form       |       |     1 |    10 |     5 ||    16
       Blade Hands       |       |       |       |    20 ||    20
 Abil: End Transformatio |       |       |     2 |     1 ||     3
       Spit Poison       |       |       |       |     1 ||     1
       Blink             |       |       |       |     1 ||     1
Evoke: Wand              |       |       |       |     5 ||     5
  Use: Scroll            |     2 |     9 |    11 |     5 ||    27
       Potion            |       |     1 |     1 |     3 ||     5
 Stab: Sleeping          |     1 |     1 |     3 |     2 ||     7
       Distracted        |       |       |     1 |       ||     1
  Eat: Chunk             |     3 |     7 |    20 |    21 ||    51
       Beef jerky        |       |       |       |     2 ||     2
